AoeStats
← HR nomadplayer

Nomad

507177956Analyzed
4v4 RM · 14d ago on Sep 17, 2026· 27m 7s· 8 players
Game mode
Random Map
Map size
231×231
Population
200
Speed
Normal
Resources
Standard
Victory
Conquest
Starting age
Dark Age
Ending age
Imperial Age
RankedLock teamsTeams togetherTeam positionsShared explorationLock speedFull tech treeHidden civsTurbo modeCheats
Victory
Defeat
🇺🇸 Vietnamese · United States
1954
+8
🇸🇮 Burgundians · Slovenia
1953
+8
🇨🇦 Mongols · Canada
1842
+11
🇺🇸 Japanese · United States
1841
+11
🇨🇱 Tupi · Chile
1877
-13
🇨🇱 Chinese · Chile
1817
-12
🇨🇱 Goths · Chile
1747
-9
🇨🇱 Burmese · Chile
1546
-4
Brunker
9:50 Loom
12:32 Feudal Age
13:50 Town Watch
16:48 Castle Age
14:48 Double-Bit Axe
16:05 Fletching
18:07 Bow Saw
19:10 Bodkin Arrow
21:32 Gold Mining
22:07 Padded Archer Armor
24:43 Husbandry
26:24 Ballistics
Eli
5:07 Loom
13:10 Feudal Age
13:47 Double-Bit Axe
16:42 Castle Age
16:46 Light Cavalry
17:37 Bow Saw
17:40 Town Watch
18:43 Fletching
20:57 Wheelbarrow
20:25 Horse Collar
25:59 Ballistics
26:13 Guard Tower
26:27 Bodkin Arrow
Dovecar
4:49 Loom
9:56 Double-Bit Axe
10:36 Fishing Lines
14:10 Feudal Age
15:53 Bow Saw
15:48 Gillnets
18:07 Castle Age
16:04 Gold Mining
17:18 Scale Barding Armor
18:59 Medium Warships
18:11 Light Cavalry
19:06 Husbandry
18:44 Cavalier
20:24 Forging
23:08 Chain Barding Armor
23:13 Horse Collar
Bel
12:25 Feudal Age
16:59 Castle Age
16:46 Double-Bit Axe
19:06 Gold Mining
18:59 Fishing Lines
20:08 Sanctity
20:09 Loom
20:10 Town Watch
20:51 Gillnets
22:21 Sanctity
25:56 Wheelbarrow
25:03 Horse Collar
25:18 Stone Mining
25:46 Heavy Plow
26:26 Fletching
27:23 Bow Saw
HR nomadplayer
3:21 Loom
12:20 Feudal Age
13:02 Double-Bit Axe
13:36 Town Watch
18:23 Fletching
18:17 Horse Collar
21:43 Castle Age
21:59 Gold Mining
22:57 Medium Warships
25:28 Bodkin Arrow
HR pikoLein
4:46 Loom
12:54 Feudal Age
16:44 Castle Age
17:48 Double-Bit Axe
19:10 Bow Saw
19:42 Scale Mail Armor
20:29 Horse Collar
25:40 Pikeman
HR AboKeiTo
5:03 Loom
13:06 Feudal Age
16:54 Castle Age
15:21 Fishing Lines
17:56 Double-Bit Axe
19:02 Bow Saw
20:21 Wheelbarrow
21:02 Town Watch
23:20 Hand Cart
22:54 Horse Collar
25:27 Fletching
26:30 Ballistics
26:57 Bodkin Arrow
QNA_Basualt
5:02 Loom
13:48 Feudal Age
18:25 Castle Age
17:23 Fishing Lines
20:20 Horse Collar
20:47 Padded Archer Armor
23:06 Devotion
26:24 Wheelbarrow
Connection lost

Rejoining the realm…

Still unreachable

The connection could not be restored.

Session expired

The server has moved on; the page needs a fresh start.